 Dungeon Crawl Stone Soup version 0.30.0 (webtiles) character file.

Game seed: 2987600851097568449

611 PiratePeteNZ the Chopper (level 7, -3/61 HPs)
             Began as a Hill Orc Fighter on May 20, 2023.
             Engulfed by a cloud of freezing vapour (24 damage)
             ... on level 5 of the Dungeon.
             The game lasted 00:09:21 (3012 turns).

PiratePeteNZ the Chopper (Hill Orc Fighter)         Turns: 3012, Time: 00:09:22

Health: -3/61      AC:  9    Str: 21    XL:     7   Next: 44%
Magic:  7/7        EV:  7    Int:  8    God:
Gold:   178        SH: 12    Dex: 10    Spells: 6/6 levels left

rFire   . . .        a - +2 war axe (protect)
rCold   . . .        o - +0 tower shield
rNeg    . . .        b - +0 scale mail
rPois   .            (no helmet)
rElec   .            (no cloak)
rCorr   .            i - +0 pair of gloves
SInv    .            k - +0 pair of boots
Will    .....        (no amulet) Stlth
                     s - ring of flight
HPRegen 0.30/turn    (no ring)
MPRegen 0.10/turn

%: no passive effects
@: flying
A: no striking features
a: no special abilities


You were on level 5 of the Dungeon.
You visited 1 branch of the dungeon, and saw 5 of its levels.

You collected 178 gold pieces.

Inventory:

Hand Weapons
 a - a +2 war axe of protection (weapon)
Missiles
 d - a throwing net
Armour
 b - a +0 scale mail (worn)
 i - a +0 pair of gloves (worn)
 k - a +0 pair of boots (worn)
 o - a +0 tower shield (worn)
Jewellery
 s - a ring of flight (left hand)
Wands
 r - a wand of roots (8) (quivered)
Scrolls
 c - a scroll of teleportation
 e - a scroll of vulnerability {unknown}
 f - 2 scrolls of brand weapon
 j - a scroll of amnesia {unknown}
 l - a scroll of torment {unknown}
 p - a scroll of silence {unknown}
 q - a scroll of magic mapping {unknown}
 t - a scroll of noise {unknown}
 u - a scroll of enchant armour {unknown}
 w - 2 scrolls of identify {unknown}
Potions
 g - a potion of haste {unknown}
 h - a potion of flight {unknown}
 m - 2 potions of berserk rage {unknown}
 n - 4 potions of mutation {unknown}
 v - a potion of magic {unknown}
 x - a potion of resistance {unknown}


   Skills:
 + Level 5.3 Fighting
 + Level 7.3 Axes
 + Level 4.5 Armour
 + Level 0.9 Dodging
 + Level 0.1 Stealth
 + Level 4.9 Shields
 * Level 0.2 Evocations


You had 6 spell levels left.
You didn't know any spells.
Your spell library contained the following spells:

 Spells                   Type           Power      Damage    Failure   Level
 Apportation              Tloc           0%         N/A       100%        1
 Necrotise                Necr           0%         1d4       100%        1
 Summon Small Mammal      Summ           0%         N/A       100%        1
 Hailstorm                Conj/Ice       0%         3d3       100%        3
 Ice Form                 Ice/Tmut       0%         N/A       100%        4
 Simulacrum               Ice/Necr       0%         N/A       100%        6


Dungeon Overview and Level Annotations

Branches:
Dungeon (5/15)
 Temple: D:4-7

Altars:
Fedhas
Kikubaaqudgha
Zin


Message History

You have reached level 7!
You feel sick.
You feel sick.
You feel sick.
You feel sick.
You feel sick.
You feel sick.
You are no longer poisoned.
You see here a hornet corpse.
w - 2 scrolls labelled QUZAGR HOINAU (gained 1)
A jelly comes into view.
Found a ring mail.
The jelly quivers.
You see here a ring of flight.
You slash the jelly!
Your weapon exudes an aura of protection.
Your hands burn!
The jelly is heavily wounded.
The jelly barely misses you.
You slash the jelly!
You kill the jelly!
s - a ring of flight You see here a hornet corpse.
The gnoll shouts!
You hear a shout!
You now have 164 gold pieces (gained 13).
Found a chain mail.
No target in view!
You fly up into the air.
s - a ring of flight (left hand)
You now have 178 gold pieces (gained 14).
Found a chain mail and a dagger.
You reach down and open the door.
There is an open door here.
Really fly into a travel-excluded area?
Uppercase [Y]es or [N]o only, please.
Really fly into a travel-excluded area?
You are engulfed in freezing vapours.
You are engulfed in freezing vapours.
You are engulfed in freezing vapours.
You die...

##!#.'.#.# .#
##!#.#...### )
##!#○###...# #.
##!#○###...# #.
##.#○###...# ...
##.#○###...# #..
##.#○###...# ....
##.#○###...# #.#..
##.#@###.### #....
##.#○###.###########.
##.#.###...........#.
##○#.#############.#.
##○#.## #.# ##○#.##
#.#
##.#.#############.#.
##○#.#.............#.
##○#.#.##############


There were no monsters in sight!

Vanquished Creatures
  A hornet (D:5)
  A phantom (D:4)
  2 scorpions
  A hound (D:4)
  A jelly (D:5)
  An orc wizard (D:3)
  2 adders
  3 gnolls (D:2)
  An ufetubus (D:4)
  3 worms
  3 dart slugs
  6 orcs
  3 ball pythons
  5 endoplasms
  6 giant cockroaches
  8 goblins
  6 hobgoblins
  9 jackals
  6 quokkas
  5 bats
  3 frilled lizards
  7 kobolds
  2 rats (D:1)
85 creatures vanquished.

Notes
Turn   | Place    | Note
-------+----------+-------------------------------------------
     0 | D:1      | PiratePeteNZ the Hill Orc Fighter began the quest for the
                  | Orb.
     0 | D:1      | Reached XP level 1. HP: 19/19 MP: 1/1
   193 | D:1      | Reached XP level 2. HP: 23/27 MP: 2/2
   488 | D:1      | Reached skill level 3 in Axes
   552 | D:1      | Reached XP level 3. HP: 33/33 MP: 3/3
  1384 | D:2      | Reached XP level 4. HP: 40/41 MP: 4/4
  1404 | D:2      | Reached skill level 4 in Axes
  2033 | D:3      | Reached XP level 5. HP: 46/47 MP: 5/5
  2034 | D:3      | Reached skill level 5 in Axes
  2144 | D:3      | Found an ancient bone altar of Kikubaaqudgha.
  2151 | D:3      | Found a blossoming altar of Fedhas.
  2440 | D:4      | Found a glowing silver altar of Zin.
  2468 | D:4      | Reached XP level 6. HP: 51/53 MP: 6/6
  2634 | D:4      | Reached skill level 6 in Axes
  2643 | D:5      | Entered Level 5 of the Dungeon
  2756 | D:5      | Noticed a hornet
  2763 | D:5      | Killed a hornet
  2764 | D:5      | Reached skill level 5 in Fighting
  2764 | D:5      | Reached skill level 7 in Axes
  2764 | D:5      | Reached XP level 7. HP: 37/61 MP: 7/7
  2943 | D:5      | Identified the ring of Poed {Contam rElec rC+++ Str-4
                  | Dex+6}
  3012 | D:5      | Engulfed by a cloud of freezing vapour

Illustrated notes

Levels and vault maps discovered:
D:1:      tarquinn_simple_flora_water_a, layout_basic, serial_forest,
          infiniplex_forest_straight_4, infiniplex_forest_straight_4,
          infiniplex_forest_end_1, infiniplex_forest_clump_medium,
          infiniplex_forest_zigzag_1, infiniplex_forest_join,
          infiniplex_forest_corner_1, hangedman_decor_opposing
D:2:      layout_loops_ring
D:3:      layout_basic, grunt_temple_overflow_growth_and_decay
D:4:      minmay_angry_zag, layout_loops_cross, kennysheep_mini, uniq_grinder
D:5:      lemuel_ice_spiral_2, layout_basic, minmay_temple_entry_trees

Skill      XL: |  1  2  3  4  5  6 |
---------------+-------------------+-----
Fighting       | 4 5 |  5.3
Axes           | 3 4 5 7 |  7.3
Armour         | 4 |  4.5
Shields        | 4 |  4.9
Dodging        | |  0.9
Stealth        | |  0.1
Evocations     | |  0.2

Action                     |  1- 3 |  4- 6 |  7- 9 || total
---------------------------+-------+-------+-------++-------
  Melee: War axe           |   139 |   115 |     2 ||   256
  Evoke: Wand              |       |     3 |       ||     3
    Use: Potion            |       |     1 |       ||     1
         Scroll            |       |     5 |       ||     5
 Armour: Scale mail        |    80 |    45 |       ||   125
  Dodge: Dodged            |    76 |    32 |     1 ||   109
  Block: Buckler           |    30 |     9 |       ||    39
         Tower shield      |       |    60 |       ||    60
